 Dungeon Crawl Stone Soup version 0.25-a0-38-g099c3e1 (webtiles) character file.

Game seed: 11988481891498263674, levelgen mode: deterministic

76 BoppinsLewinski the Ruffian (level 4, -2/37 HPs)
             Began as a Centaur Gladiator on Oct 21, 2019.
             Slain by a worker ant (5 damage)
             ... on level 2 of the Dungeon.
             The game lasted 00:02:57 (2018 turns).

BoppinsLewinski the Ruffian (Centaur Gladiator)     Turns: 2018, Time: 00:02:57

Health: -2/37      AC:  5    Str: 18    XL:     4   Next: 12%
Magic:  4/4        EV: 10    Int:  7    God:
Gold:   118        SH:  0    Dex: 10    Spells: 3/3 levels left

rFire    . . .     SeeInvis .     - Unarmed
rCold    . . .     Gourm    .   (no shield)
rNeg     . . .     Faith    .   a - +0 leather armour
rPois    .         Spirit   .   b - +0 helmet
rElec    .         Reflect  .   (no cloak)
rCorr    .         Harm     .   (no gloves)
MR       .....                  (no barding)
Stlth    ..........             (no amulet)
HPRegen  0.12/turn              (no ring)
MPRegen  0.09/turn              (no ring)

@: lethally poisoned (-2 -> -7), very quick
A: large, hooves 3, deformed body, speed 2, tough skin 3
a: no special abilities


You were on level 2 of the Dungeon.
You were very hungry.

You visited 1 branch of the dungeon, and saw 2 of its levels.

You collected 118 gold pieces.

Inventory:

Missiles
 c - 3 throwing nets (quivered)
Armour
 a - a +0 leather armour (worn)
 b - a +0 helmet (worn)
Scrolls
 f - 2 scrolls of identify {unknown}
 g - a scroll of amnesia {unknown}
 h - a scroll of remove curse {unknown}
 j - 2 scrolls of fog {unknown}
 k - a scroll of enchant weapon {unknown}
 l - 3 scrolls of teleportation {unknown}
Potions
 e - a potion of flight {unknown}
 i - a potion of agility {unknown}
Comestibles
 d - 7 rations


   Skills:
 + Level 2.5 Fighting
 - Level 2.1 Throwing
 + Level 1.0 Armour
 + Level 2.5 Dodging
 * Level 4.0 Unarmed Combat


You had 3 spell levels left.
You didn't know any spells.
Your spell library was empty.

Dungeon Overview and Level Annotations

Branches:
Dungeon (2/15)

Altars:


Innate Abilities, Weirdness & Mutations

You have hooves in place of feet.
Armour fits poorly on your strangely shaped body.
You cover ground very quickly.
You have extremely tough skin. (AC +3)


Message History

Ye closely miss tha worker ant.
Yer kick misses tha worker ant.
Tha worker ant be severely wounded.
Tha worker ant bites ye.
* * * LOW HITPOINT WARNIN'
* * * Ye be leth'lly poison'd!
Tha worker ant poisons ye!
Ye closely miss tha worker ant.
Tha worker ant be severely wounded.
* * * LOW HITPOINT WARNIN'
* * * Ye feel sick.
Tha worker ant barely misses ye.
Ye hit tha worker ant but do nay damage.
Yer kick misses tha worker ant.
Tha worker ant be severely wounded.
* * * LOW HITPOINT WARNIN'
* * * Ye feel sick.
Tha worker ant bites ye but does nay damage.
Ye hit tha worker ant.
Tha worker ant be almost dead.
Tha worker ant bites ye.
Ye die...

.# #<#.#........#
.######.########.#
.......[# #.#
.######## #.# .#
#.# .# #.# .# #.#
.# #.# .# #@# .#
#a# .### #g# ...#
#.# .#.#### #)#
......# #.#
.#.##.# #.#
....#.###### #.#
...........# #.#


You could see a worker ant and a gnoll.

Vanquished Creatures
  2 adders (D:2)
  A worm (D:2)
  2 dart slugs
  2 leopard geckos (D:1)
  A ball python (D:2)
  5 bats
  4 giant cockroaches
  6 goblins
  4 hobgoblins
  5 kobolds
  A quokka (D:2)
  6 frilled lizards
  8 rats
47 creatures vanquished.

Notes
Turn   | Place    | Note
-------+----------+-------------------------------------------
     0 | D:1      | BoppinsLewinski the Centaur Gladiator began the quest for
                  | the Orb.
     0 | D:1      | Reached XP level 1. HP: 17/17 MP: 1/1
    82 | D:1      | You fall into a shaft and drop 1 floor!
    89 | D:2      | Reached XP level 2. HP: 24/24 MP: 2/2
   761 | D:1      | Reached XP level 3. HP: 30/30 MP: 3/3
  2007 | D:2      | Reached skill level 1 in Armour
  2007 | D:2      | Reached skill level 4 in Unarmed Combat
  2007 | D:2      | Reached XP level 4. HP: 13/37 MP: 4/4
  2018 | D:2      | Slain by a worker ant

Levels and vault maps discovered:
D:1:      co_arrival_random_square_maze, layout_basic, serial_bayou_lagoon_a
D:2:      layout_basic, first_ration, st_stairs_5

Skill      XL: |  1  2  3 |
---------------+----------+-----
Armour         | 1 |  1.0
Unarmed Combat | 4 |  4.0
Fighting       | |  2.5
Throwing       | |  2.1
Dodging        | |  2.5

Action                   |  1- 3 |  4- 6 || total
-------------------------+-------+-------++-------
Melee: Unarmed           |   118 |     8 ||   126
       Kick              |    19 |       ||    19
       Punch             |     2 |       ||     2
Evoke: Wand              |     3 |     1 ||     4
  Eat: Chunk             |     1 |       ||     1
Armor: Leather armour    |    40 |     2 ||    42
Dodge: Dodged            |    53 |     3 ||    56

Table legend:
 A = Non-vault XP
 B = Vault XP
 C = Vault XP percentage of total XP
 D = Non-vault monster count
 E = Vault monster count
 F = Vault count percentage of total count
                 A         B        C        D         E       F
            +---------+---------+-------+---------+---------+-------
      Total |      94 |      15 |  13.8 |      45 |       2 |   4.3
            +---------+---------+-------+---------+---------+-------
        D:1 |      45 |       0 |   0.0 |      24 |       0 |   0.0
        D:2 |      49 |      15 |  23.4 |      21 |       2 |   8.7
            +---------+---------+-------+---------+---------+-------
